Cogmind - Beta 14 @@@ ROGUE MODE // 2024.08.07 @ 14:50:28 Player: Cwaftwer Result: Core destroyed Performance ------------- Evolutions (1) 500 Regions Visited (5) 1000 Robots Destroyed (36) 180 Value Destroyed (773) 773 Prototype IDs (26) 520 Alien Tech Used (0) 0 Bonus (-39) -39 TOTAL SCORE: 2934 Bonus ------- Aligned with FarCom 300 Friendly Fire -339 Cogmind --------- Core Integrity 0/400 Matter 284/300 Energy 100/100 System Corruption 6% Temperature Cool (0) Movement Core (50) Location -8/Mines Parts ------- > --- POWER (1) -------- (None) > --- PROPULSION (2) --- (None) > --- UTILITY (4) ------ (None) > --- WEAPON (2) ------- (None) > --- INVENTORY (5) ---- Improved Heat Sink Targeting Computer Core Shielding Hardened Light Armor Plating Rocket Launcher Peak State ------------ > --- POWER ------------ Light Nuclear Core > --- PROPULSION ------- Wheel Compact Wheel > --- UTILITY ---------- Huge Storage Unit Visual Processing Unit Core Shielding Shield Generator > --- WEAPON ----------- Small Laser Latent Energy Streamer > --- INVENTORY -------- Ion Engine Light Nuclear Core Wheel Improved Heat Sink Medium Matter Pod Medium Matter Pod Improved Terrain Scanner Targeting Computer Targeting Computer Core Shielding Hardened Light Armor Plating Small Laser Particle Gun Beamcaster Heavy Assault Rifle Rocket Launcher Rocket Launcher Mining Laser Plasma Cutter Signal Generator [Rating: 26] Favorites ----------- Power Heavy Ion Engine Engine Heavy Ion Engine Power Core Light Nuclear Core Propulsion Wheel Wheel Wheel Utility Visual Processing Unit Device Improved Terrain Scanner Storage Huge Storage Unit Processor Visual Processing Unit Protection Core Shielding Weapon Small Laser Energy Gun Small Laser Energy Cannon Latent Energy Streamer Launcher Grenade Launcher Build | -11 -10 -9 -9 -9 -8 ------- Run | Yrd Mat Mat Min Exi Min Slots Evolved 2 | . . 2 . . . Power . | . . . . . . Propulsion . | . . . . . . Utility 2 | . . 2 . . . Weapon . | . . . . . . Parts Attached 34 | 8 3 7 14 2 . Power 7 | 1 1 2 2 1 . Engine 6 | 1 1 2 1 1 . Core 1 | . . . 1 . . Reactor . | . . . . . . Propulsion 11 | 3 1 1 6 . . Treads . | . . . . . . Leg . | . . . . . . Wheel 11 | 3 1 1 6 . . Hover . | . . . . . . Flight . | . . . . . . Utility 7 | 2 . 3 2 . . Device 2 | 1 . . 1 . . Storage 2 | 1 . 1 . . . Processor 2 | . . 2 . . . Hackware . | . . . . . . Protection 1 | . . . 1 . . Artifact . | . . . . . . Weapon 9 | 2 1 1 4 1 . Energy Gun 7 | 2 . 1 4 . . Energy Cannon 1 | . . . . 1 . Ballistic Gun . | . . . . . . Ballistic Cannon . | . . . . . . Launcher 1 | . 1 . . . . Special Weapon . | . . . . . . Impact Weapon . | . . . . . . Slashing Weapon . | . . . . . . Piercing Weapon . | . . . . . . Special Melee Weapon . | . . . . . . Unidentified Prototypes 1 | . . 1 . . . Parts Lost 10 | . 1 1 6 2 . Power 1 | . . . 1 . . Propulsion 3 | . 1 . 2 . . Utility 2 | . . . 1 1 . Weapon 4 | . . 1 2 1 . Highest Loss Streak 2 | . 1 1 2 2 . To Critical Strikes 1 | . . . . 1 . Average Slot Usage (%) 93 | . 96 98 92 94 . Engine 6 | . 14 11 7 . . Core 3 | . . . 2 10 . Wheel 19 | . 24 20 17 20 . Device 8 | . 14 11 7 9 . Storage 11 | . 14 11 11 10 . Processor 15 | . . 22 18 10 . Protection 5 | . . . 6 10 . Energy Gun 19 | . 21 19 19 17 . Peak Build Rating 26 | 9 10 15 17 26 . Average Rating 14 | 6 9 14 14 18 . On Entrance 8 | . 9 10 15 17 . Naked Turns 28 | . . . . 14 14 Heaviest Build 99 | 11 15 91 93 99 . Greatest Support 32 | 26 20 20 32 26 3 Greatest Overweight (x) 30 | . 1 4 30 3 . Average Overweight (x) 2 | . . . 3 2 . Largest Inventory Capacity 25 | 8 8 25 25 25 5 Average Capacity 20 | 7 8 10 25 24 5 Most Carried 20 | 5 8 8 19 20 5 Average Carried 11 | 1 7 6 10 19 5 Final Capacity 25 | 8 8 25 25 5 5 Final Carried 19 | 5 8 8 19 5 5 Class Distribution -------------------- 74% | Scavenger-Mutant 25% | Mutant Dominant Class ---------------- Mutant | -10/Materials Scavenger-Mutant | -9/Materials Scavenger-Mutant | -9/Mines Scavenger-Mutant | -9/Exiles Mutant | -8/Mines Resources | -11 -10 -9 -9 -9 -8 ----------- Run | Yrd Mat Mat Min Exi Min Matter Collected 636 | 280 46 79 230 1 . Remotely . | . . . . . . Salvage Created 1390 | 112 196 167 750 165 . Parts 78 | 12 18 15 27 6 . Haulers Intercepted . | . . . . . . Recyclers Shooed 1 | . . . 1 . . Parts Field Recycled . | . . . . . . Retrieved Matter . | . . . . . . Parts Self-Destructed . | . . . . . . Prevented . | . . . . . . Kills | -11 -10 -9 -9 -9 -8 ------- Run | Yrd Mat Mat Min Exi Min Combat Hostiles Destroyed 19 | . 5 6 8 . . Guns 15 | . 2 6 7 . . AOE 3 | . 3 . . . . Classes Destroyed 10 | 2 4 1 3 . . Worker 3 | . . . 3 . . Builder 2 | . 1 1 . . . Tunneler 4 | 3 1 . . . . Recycler 5 | 1 . . 4 . . Operator 2 | . 1 1 . . . Watcher 1 | . 1 . . . . Swarmer 4 | . . 4 . . . Grunt 12 | . 5 2 5 . . Duelist 1 | . . . 1 . . Sentry 2 | . . . 2 . . Best Kill Streak 7 | 3 7 3 4 . . Combat Bots Only 4 | . 4 3 3 . . Max Kills in Single Turn 3 | 1 3 1 1 . . Gunslinging . | . . . . . . Exploded 1 | . 1 . . . . Melee . | . . . . . . Uniques/NPCs Destroyed . | . . . . . . Combat | -11 -10 -9 -9 -9 -8 -------- Run | Yrd Mat Mat Min Exi Min Hostile Shots Fired 141 | . 25 23 60 33 . Missed 49 | . 6 7 26 10 . Damage Taken 1386 | . 303 141 506 424 12 Core 459 | . 58 25 192 172 12 Absorbed by Shields 5 | . . . . 5 . Redirected to Shielding 21 | . . . 6 15 . Regen/Repaired (Parts) 36 | . . 36 . . . Core Remaining (%) 88 | 100 76 . . . . Volleys Fired 109 | 13 16 18 60 2 . Largest 2 | 2 2 2 2 2 . Hottest 105 | 80 80 80 105 100 . Shots Fired 189 | 26 32 36 92 3 . Gun 183 | 26 29 35 92 1 . Cannon 2 | . . . . 2 . Launcher 4 | . 3 1 . . . Special . | . . . . . . Kinetic . | . . . . . . Thermal 183 | 26 29 35 92 1 . Explosive 4 | . 3 1 . . . Electromagnetic 2 | . . . . 2 . Robot Hit Streak 18 | 4 4 7 18 2 . Robot Miss Streak 5 | 5 2 3 5 1 . Penetration Max . | . . . . . . Secondary Targets . | . . . . . . Shots Hit Robots 121 | 12 16 23 68 2 . Core Hits 58 | 5 16 11 24 2 . Critical Kills . | . . . . . . Critical Parts Destroyed . | . . . . . . Critical Strikes 1 | . . . 1 . . Burn 1 | . . . 1 . . Melee Attacks . | . . . . . . Impact . | . . . . . . Slashing . | . . . . . . Piercing . | . . . . . . Sneak Attacks . | . . . . . . Combat Hostiles . | . . . . . . Follow-up Attacks . | . . . . . . Damage Inflicted 2242 | 132 651 298 815 337 9 Guns 1367 | 132 167 252 815 1 . Cannons . | . . . . . . Explosions 866 | . 484 46 . 336 . Melee . | . . . . . . Ramming 9 | . . . . . 9 Kinetic . | . . . . . . Thermal 1367 | 132 167 252 815 1 . Explosive 530 | . 484 46 . . . Electromagnetic 336 | . . . . 336 . Impact . | . . . . . . Slashing . | . . . . . . Piercing . | . . . . . . Highest Corruption 6 | . . . . 6 6 Average Corruption 4 | . . . . 4 6 Corruption Purged . | . . . . . . Corruption Blocked . | . . . . . . Effects 1 | . . . . 1 . Matter Fused 1 | . . . . 1 . Overload Shots . | . . . . . . Overflow Damage 70 | . 70 . . . . Projectiles . | . . . . . . Explosions 70 | . 70 . . . . Melee . | . . . . . . Knockbacks . | . . . . . . Impact . | . . . . . . Kinetic . | . . . . . . Secondary . | . . . . . . Self-Inflicted Damage 57 | . 53 . . . 4 Shots 2 | . 2 . . . . Rammed 1 | . . . . . 1 Targets Rammed 1 | . . . . . 1 Kicked . | . . . . . . Crushed . | . . . . . . Highest Temperature 379 | 72 379 120 131 30 . Average Temperature 69 | 27 176 39 49 15 . Received Heat Transfer 423 | . 156 42 225 . . Effects 1 | . 1 . . . . Shutdowns 1 | . 1 . . . . Siege Activations . | . . . . . . Robots Corrupted 1 | . . . . 1 . Combat Hostiles . | . . . . . . Parts Fried 5 | . . . . 5 . Impact Corruptions . | . . . . . . Robots Melted . | . . . . . . Combat Hostiles . | . . . . . . Parts Melted 9 | . . 1 8 . . Heat Transferred 3187 | 300 375 575 1931 6 . Parts Sabotaged . | . . . . . . Parts Stolen . | . . . . . . Parts Stripped . | . . . . . . Power Chain Reactions . | . . . . . . Latent Energy Used 400 | . . . . 400 . LE Corruption 6 | . . . . 6 . Alert | -11 -10 -9 -9 -9 -8 ------- Run | Yrd Mat Mat Min Exi Min Peak Influence 372 | 20 217 372 259 . . Initial 144 | . 13 91 144 . . Average 130 | 6 116 239 118 . . Maximum Alert Level 1 | . 1 1 1 . . Low Security (%) 82 | 100 62 40 94 . 100 Level 1 17 | . 37 59 5 . . Level 2 . | . . . . . . Level 3 . | . . . . . . Level 4 . | . . . . . . Level 5 . | . . . . . . High Security . | . . . . . . Max Security . | . . . . . . Squads Dispatched 2 | . 2 . . . . Investigation . | . . . . . . Extermination . | . . . . . . Reinforcement 2 | . 2 . . . . Assault . | . . . . . . Garrison . | . . . . . . Intercept . | . . . . . . Searches Triggered . | . . . . . . Construction Impeded . | . . . . . . Haulers Reinforced . | . . . . . . Active Scanning Responses . | . . . . . . Cargo Convoy Interrupts . | . . . . . . Stealth | -11 -10 -9 -9 -9 -8 --------- Run | Yrd Mat Mat Min Exi Min Distress Signals 1 | . 1 . . . . Communications Jammed . | . . . . . . Distress Signals . | . . . . . . Times Spotted 44 | . 8 11 11 12 2 Peak Tracking Total 5 | . 5 3 4 4 3 Tactical Retreats 6 | . . 3 1 2 . Traps | -11 -10 -9 -9 -9 -8 ------- Run | Yrd Mat Mat Min Exi Min Traps Triggered 1 | . . 1 . . . Indirectly . | . . . . . . Trap Hack Attempts . | . . . . . . Triggered . | . . . . . . Disarmed . | . . . . . . Reprogrammed . | . . . . . . Reused . | . . . . . . Traps Extracted . | . . . . . . Installed . | . . . . . . Triggered . | . . . . . . Machines | -11 -10 -9 -9 -9 -8 ---------- Run | Yrd Mat Mat Min Exi Min Machines Disabled 6 | . 3 . . 3 . Max in Single Turn 2 | . 2 . . 2 . Machines Repaired . | . . . . . . Machines Dismantled . | . . . . . . Machines Sabotaged . | . . . . . . Overloaded Fab Kills . | . . . . . . Hacking | -11 -10 -9 -9 -9 -8 --------- Run | Yrd Mat Mat Min Exi Min Machines Accessed 12 | . 2 5 . 5 . Terminals 4 | . 1 3 . . . Fabricators . | . . . . . . Repair Stations 1 | . . 1 . . . Recycling Units 1 | . 1 . . . . Scanalyzers 1 | . . 1 . . . Garrison Access . | . . . . . . Total Hacks 67 | . 5 12 . 50 . Successful 62 | . 2 10 . 50 . Failed 5 | . 3 2 . . . Catastrophic . | . . . . . . Database Lockouts . | . . . . . . Manual 1 | . . . . 1 . Terminals 12 | . 4 8 . . . Fabricators . | . . . . . . Repair Stations 2 | . . 2 . . . Recycling Units 1 | . 1 . . . . Scanalyzers 2 | . . 2 . . . Garrison Access . | . . . . . . Terminal Hacks 57 | . 1 6 . 50 . Record 51 | . . 2 . 49 . Prototype ID Bank 1 | . . 1 . . . Branch Access Points 1 | . . 1 . . . Emergency Access Points 1 | . . 1 . . . Dispatch Records 1 | . . 1 . . . Zone Layout 1 | . 1 . . . . Derelict Proto ID Bank 1 | . . . . 1 . Fabricator Hacks . | . . . . . . Repair Station Hacks 2 | . . 2 . . . Scan Component 1 | . . 1 . . . Repair 1 | . . 1 . . . Recycling Unit Hacks 1 | . 1 . . . . Report Inventory 1 | . 1 . . . . Scanalyzer 2 | . . 2 . . . Insert Component 1 | . . 1 . . . Analyze 1 | . . 1 . . . Garrison Access Hacks . | . . . . . . Unauthorized Hacks . | . . . . . . Terminals . | . . . . . . Fabricators . | . . . . . . Repair Stations . | . . . . . . Recycling Units . | . . . . . . Scanalyzers . | . . . . . . Garrison Access . | . . . . . . Data Cores Recovered 1 | . . 1 . . . Used 1 | . . 1 . . . Hacking Detections 5 | . 1 4 . . . Full Trace Events . | . . . . . . Feedback Events . | . . . . . . Feedback Blocked . | . . . . . . Robot Schematics Acquired . | . . . . . . Robots Built . | . . . . . . Authchips . | . . . . . . Time . | . . . . . . Total Robot Build Rating . | . . . . . . Part Schematics Acquired 1 | . . 1 . . . Parts Built . | . . . . . . Authchips . | . . . . . . Time . | . . . . . . Total Part Build Rating . | . . . . . . Parts Repaired 1 | . . 1 . . . Time 26 | . . 26 . . . Parts Recycled . | . . . . . . Recycled Matter . | . . . . . . Retrieved Matter . | . . . . . . Retrieved Components . | . . . . . . Parts Scanalyzed 1 | . . 1 . . . Part Schematics Acquired 1 | . . 1 . . . Parts Damaged 1 | . . 1 . . . Bothacking | -11 -10 -9 -9 -9 -8 ------------ Run | Yrd Mat Mat Min Exi Min Used RIF Installer . | . . . . . . Robots Hacked . | . . . . . . Non-combat . | . . . . . . Combat . | . . . . . . Robot Hacks Applied . | . . . . . . Relay Couplers Released . | . . . . . . Fabnet Peak Effective % . | . . . . . . Robots Rewired . | . . . . . . Allies Hacked . | . . . . . . Hacks Repelled . | . . . . . . Allies | -11 -10 -9 -9 -9 -8 -------- Run | Yrd Mat Mat Min Exi Min Total Allies . | . . . . . . Largest Group . | . . . . . . Highest-Rated Group . | . . . . . . Highest-Rated Ally . | . . . . . . Total Orders . | . . . . . . Ally Attacks . | . . . . . . Total Damage . | . . . . . . Kills . | . . . . . . Allies Corrupted . | . . . . . . Allies Melted . | . . . . . . Intel | -11 -10 -9 -9 -9 -8 ------- Run | Yrd Mat Mat Min Exi Min Robot Analysis Total . | . . . . . . Derelict Logs Recovered 1 | . . . 1 . . Drone Launches . | . . . . . . Drone Recoveries . | . . . . . . Exploration | -11 -10 -9 -9 -9 -8 ------------- Run | Yrd Mat Mat Min Exi Min Turns Passed 1816 | 111 132 253 875 431 14 Spaces Moved 1047 | 65 92 174 414 276 26 Core 72 | 14 . . 5 27 26 Treads . | . . . . . . Legs . | . . . . . . Wheels 975 | 51 92 174 409 249 . Hover . | . . . . . . Flight . | . . . . . . Fastest Speed 50 | 50 80 80 130 50 50 Average Speed 122 | 77 81 87 154 126 50 Slowest Speed 1550 | 90 95 140 1550 135 50 Overloaded Moves . | . . . . . . Propulsion Burnouts . | . . . . . . Robots Hopped . | . . . . . . Cave-ins Triggered . | . . . . . . Exploration Rate (%) 33 | 5 25 24 69 65 12 Regions Visited 5 Branch Regions 3 Pre-discovered Areas 1 | . . . . 1 . Known Exits Taken 1 | . . 1 . . . Unknown Exits Taken 4 | 1 1 . 1 1 . Scrap Searched 1 | . . . 1 . . Spaces Dug . | . . . . . . Terrain Destroyed 49 | . 11 10 . 28 . Melee . | . . . . . . Projectile . | . . . . . . AOE 49 | . 11 10 . 28 . Terrain Rammed . | . . . . . . Walls Destroyed . | . . . . . . Machines Disabled . | . . . . . . Actions | -11 -10 -9 -9 -9 -8 --------- Run | Yrd Mat Mat Min Exi Min Total 1389 | 99 116 239 556 353 26 Wait 149 | . . 32 46 71 . Move 1042 | 64 91 173 413 275 26 Hop . | . . . . . . Pick Up 48 | 13 5 7 21 2 . Fast Attach . | . . . . . . Attach 22 | 7 1 5 9 . . Detach . | . . . . . . Swap 12 | 1 2 2 5 2 . Drop 7 | 1 1 2 2 1 . Fire 109 | 13 16 18 60 2 . Melee . | . . . . . . Ram . | . . . . . . Kick . | . . . . . . Crush . | . . . . . . Escape Stasis . | . . . . . . Rewire . | . . . . . . Trap . | . . . . . . Miscellaneous . | . . . . . . Route ------- -11/Scrapyard -10/Materials -9/Materials -9/Mines (discovered 2 exits: [*Mat] / *Exi) -9/Exiles -8/Mines History --------- Turn | Location | Event 59 | -11/Scrapyard | Discovered new exit (range 13) 112 | -11/Scrapyard | Entered Materials 237 | -10/Materials | Discovered new exit (range 5) 244 | -10/Materials | Entered another Materials area 244 | -9/Materials | Evolved 2 slots: Utility x2 333 | -9/Materials | Repaired Wheel 390 | -9/Materials | Identified exit to Mines 497 | -9/Materials | Entered Mines 532 | -9/Mines | Met a Derelict bent on vengeance 581 | -9/Mines | Discovered new exit (range 8) 640 | -9/Mines | Build established: Scavenger-Mutant 750 | -9/Mines | Received a Rocket Launcher from a helpful Derelict 896 | -9/Mines | Core integrity fell below 50% 1005 | -9/Mines | Met a Derelict testing a Signal Generator 1017 | -9/Mines | Found Signal Generator 1237 | -9/Mines | Learned Materials terminal intel 1315 | -9/Mines | Deemed a non-threat by the Exiles lab entrance 1317 | -9/Mines | Discovered new exit (range 5) 1372 | -9/Mines | Entered Exiles 1404 | -9/Exiles | Met 8R-AWN 1428 | -9/Exiles | Met EX-HEX 1468 | -9/Exiles | Met EX-BIN 1487 | -9/Exiles | Aligned with FarCom system 1489 | -9/Exiles | Given EX-Vault access code 1559 | -9/Exiles | Opened EX-Vault 1568 | -9/Exiles | Found Latent Energy Streamer 1604 | -9/Exiles | Warned to stay clear of 0b10 Research branches 1615 | -9/Exiles | Exiles lab attacked by MAIN.C 1656 | -9/Exiles | Learned location of Zion (-6) 1758 | -9/Exiles | Attacked by the Exiles 1789 | -9/Exiles | Lost 3 allies 1789 | -9/Exiles | Released all parts (7) 1791 | -9/Exiles | Core integrity fell below 20% 1799 | -9/Exiles | Discovered new exit (range 10) 1803 | -9/Exiles | Entered Mines 1817 | -8/Mines | Core destroyed Last Messages --------------- Acquired Rocket Launcher. Penetrated by HV Slug. HV Slug penetrates Machine. Penetrated by HV Slug. HV Slug penetrates Machine. Penetrated by HV Slug. HV Slug penetrates Wall. HV Slug penetrates Machine. Machine disabled. HV Slug penetrates Machine. HV Slug penetrates Wall. Penetrated by HV Slug. HV Slug penetrates Wall. Penetrated by HV Slug. EXIT=FOUND LOCATION=UNKNOWN GOAL=ESCAPE T-07 Excavator is excavating. Slammed into T-07 Excavator. Destabilizing: Core damaged (-8). Map ----- +----------------------------------------------------+ | | | | | | | | | | | | | | | | | | | | | | | | | | | | | ??????????????????????????????????? | | ??????????????????????????????????? | | ??????????####????????????????????? | | ?????????## ##???????????????????? | | ??????#### #???????????????????? | | ??????? #???????????????????? | | #???????# ##??????????????????? | | # ???#??# ##?????????????????? | | # ?# ??# ##????????????????? | | # # ### #????????????????? | | # ########## #?????? | | @t #?????? | | ## """ ###########?????? | | ?????# """ #???????????????? | | ????????# """ #???????????????? | | ????????## ##???????????????? | | ?????????# ##????????????????? | | ????????## #?????????????????? | | ????????# ##?????????????????? | | ???????# #??????????????????? | | ??????# #?????????????????? | | ??????## #????????????????? | | ???????###### #???????????????? | | ????????????## #???????????????? | | ?????????????## #???????????????? | | ??????????????? ##???????????????? | | ???????????????###????????????????? | | ??????????????????????????????????? | | ??????????????????????????????????? | | ??????????????????????????????????? | | ??????????????????????????????????? | | ??????????????????????????????????? | | ??????????????????????????????????? | | ??????????????????????????????????? | | ??????????????????????????????????? | | ??????????????????????????????????? | +----------------------------------------------------+ Best States ------------- Heat Dissipation 28 Energy Generation 14 Energy Capacity 280 Matter Stores 300 Matter Capacity 300 Sight Range 18 Terrain Scan Range 16 Terrain Scan Density 10 Core Shielding 20 Evasion (%) 50 Targeting Accuracy 5 Item Schematics ----------------- Wheel | -9/Materials | Scanalyzed Robot Schematics ------------------ None Fabricated ------------ Nothing Alien Tech Used ----------------- None Achievements -------------- None Challenges ------------ None Game ------ Seed GammaTitaniumMagmablaster Manual? 0 Play Time 00:20:33 Cumulative 43.3 hours Start 2024.08.07 @ 14:26:40 End 2024.08.07 @ 14:50:28 Sessions 1 Manual Loads 0 Difficulty Rogue Special Mode None Game No. 73 Rogue 72 Adventurer 1 Explorer 0 Win Type - Total 0 Types 0/0/0/0/0/0/0/0/0 Lore% 25 Gallery% 38 Achievement% 32 Wizard Run 0 Options --------- Layout 1 ASCII 0 Keyboard 0 Movement Mouse Keybinds 0 Fullscreen 1 Font 24/Smallcaps Map View 50x40 Zoom Use 0% Tactical HUD 0 Map Filters NONE Filters NONE Steam 1 RUN: e1f03d13-d664-4cff-909e-71ba7cfca8a3